 Dungeon Crawl Stone Soup version 0.25.1-8-g42b30a86e7 (webtiles) character file.

Game seed: 9987883324125300373

12420 hawla the Thaumaturge (level 11, -10/123 HPs)
             Began as a White Draconian Conjurer on Dec 9, 2020.
             Was an Elder of Vehumet.
             Mangled by a sun demon (17 damage)
             ... on level 2 of the Abyss on Dec 10, 2020.
             The game lasted 00:51:24 (16512 turns).

hawla the Thaumaturge (White Draconian Conjurer)   Turns: 16512, Time: 00:51:24

Health: -10/123    AC: 25    Str: 10    XL:     11   Next: 62%
Magic:  5/25       EV:  2    Int: 25    God:    Vehumet [****..]
Gold:   705        SH:  5    Dex: 12    Spells: 19/31 levels left

rFire    . . .     SeeInvis .   e - +3 quarterstaff (chaos)
rCold    . . .     Gourm    .   (shield currently unavailable)
rNeg     + + +     Faith    .   (armour unavailable)
rPois    +         Spirit   .   (helmet currently unavailable)
rElec    .         Reflect  +   (cloak currently unavailable)
rCorr    +         Harm     .   (gloves currently unavailable)
MR       .....     NoTele   +   (boots currently unavailable)
Stlth    ++........             s - amulet of reflection
HPRegen  0.30/turn              a - ring of resist corrosion
MPRegen  0.19/turn              H - +6 ring of intelligence

@: mighty, tree-form
A: (breathe frost), unfitting armour, AC +7
a: Renounce Religion


You were on level 2 of the Abyss.
You worshipped Vehumet.
Vehumet was greatly pleased with you.
You were very hungry.
You were a tree.
You visited 2 branches of the dungeon, and saw 12 of its levels.
You visited the Abyss 1 time.

You collected 705 gold pieces.

Inventory:

Hand Weapons
 e - a +3 quarterstaff of chaos (weapon)
Missiles
 d - 8 boomerangs (quivered)
 k - 43 poisoned darts
Armour
 v - a +0 pair of gloves (melded)
 z - a scarf of resistance (melded)
Jewellery
 a - a ring of resist corrosion (left branch)
 n - an uncursed ring of protection from fire
 q - an uncursed ring of wizardry
 s - an amulet of reflection (around neck)
 u - an uncursed ring of protection from fire
 H - a +6 ring of intelligence (right branch)
Wands
 h - a wand of flame (6)
 t - a wand of disintegration (26)
 A - a wand of clouds (6)
 C - a wand of acid (4)
Scrolls
 c - 4 scrolls of fog
 f - 3 scrolls of magic mapping
 g - 4 scrolls of remove curse
 i - 2 scrolls of teleportation
 m - 6 scrolls of identify
 w - 2 scrolls of enchant weapon
 y - a scroll of brand weapon
 J - a scroll of blinking {unknown}
Potions
 j - a potion of stabbing
 o - 2 potions of haste
 p - 2 potions of lignification
 E - a potion of cancellation
Miscellaneous
 F - a lightning rod (4/4)
 I - a lightning rod (4/4)
Comestibles
 b - 17 rations


   Skills:
 + Level 3.1 Fighting
 + Level 4.0 Staves
 + Level 4.7 Dodging
 + Level 4.1 Stealth
 + Level 10.9 Spellcasting
 + Level 9.7 Conjurations
 + Level 7.2 Translocations
 + Level 3.7 Ice Magic
 + Level 2.1 Evocations


You had 19 spell levels left.
You knew the following spells:

 Your Spells              Type           Power        Failure   Level  Hunger
a - Magic Dart            Conj           ####         1%          1    None
b - Searing Ray           Conj           ######       1%          2    None
c - Iskenderun's Mystic   Conj/Tloc      ######..     1%          4    None
d - Freeze                Ice            ####         1%          1    None
e - Hailstorm             Conj/Ice       #####...     1%          4    None

Your spell library contained the following spells:

 Spells                   Type           Power        Failure   Level  Hunger
 Airstrike                Air            ##........   12%         4    None
 Foxfire                  Conj/Fire      ####         1%          1    None
 Conjure Flame            Conj/Fire      #####...     1%          3    None
 Dazzling Flash           Conj/Hex       #####.       1%          3    None
 Fulminant Prism          Conj/Hex       #####.....   1%          4    None
 Sticky Flame             Conj/Fire      #####...     1%          4    None
 Inner Flame              Hex/Fire       ##......     4%          3    None
 Fireball                 Conj/Fire      #####.....   4%          5    ####...


Dungeon Overview and Level Annotations

Branches:
Dungeon (11/15)            Temple (1/1) D:4            Lair (0/6) D:10
    Orc (0/2) D:10

Altars:
Ashenzari
Cheibriados
Dithmenos
Elyvilon
Fedhas
Gozag
Hepliaklqana
Kikubaaqudgha
Makhleb
Nemelex Xobeh
Okawaru
Qazlal
Ru
Sif Muna
Trog
Uskayaw
Vehumet
Wu Jian
Xom
Yredelemnul
Zin
The Shining One

Shops:
D:5 (   D:10 (

Annotations:
D:11 Sonja


Innate Abilities, Weirdness & Mutations

((You can breathe waves of freezing cold.))
((You can buffet flying creatures when you breathe cold.))
((Your icy white scales are hard. (AC +7)))
You cannot fit into any form of body armour.
((Your flesh is cold resistant. (rC+)))
((You are cold-blooded and may be slowed by cold attacks.))


Message History

The bolt of acid hits the raiju!
The raiju is splashed with acid.
The acid corrodes the raiju!
You kill the raiju!
Vehumet accepts your kill.
Vehumet offers you knowledge of Airstrike.
You feel your power returning.
The bolt of acid misses the raiju.
Something hits you but does no damage.
Evoke which item? (* to show all) (? for menu, Esc to quit)
Aiming: Disintegrate
Press: ? - help, Shift-Dir - straight line, f/p - raiju
Aim: a raiju (moderately wounded, chance to defeat MR: 74%)
The raiju is blasted!
The raiju bites you.
* * * LOW HITPOINT WARNING * * *
The raiju shocks you!
* * * LOW HITPOINT WARNING * * *
Something hits you but does no damage. You block the sun demon's attack.
You feel very mighty all of a sudden. You block the sun demon's attack.
Something hits you but does no damage.
You miss the raiju. The sun demon hits you!
You die...

#### #...
#...####
#..♣h.#
#...3.h......
...##..#.......
. ...# .......
.... .......
...... .......
.#... .......
.#.. .......


You could see a sun demon and 2 raiju.

Vanquished Creatures
  Harold (D:8)
  A hydra (D:10)
  A two-headed ogre (D:9)
  A wizard (D:10)
  A yaktaur (shapeshifter) (D:11)
  4 trolls
  Grinder (D:3)
  A hornet (D:10)
  2 raiju (Abyss:2)
  A hippogriff (D:11)
  Sigmund (D:5)
  A shadow (D:10)
  2 wyverns (D:10)
  A spriggan (D:8)
  9 yaks (D:10)
  A steam dragon (D:10)
  Grum (D:8)
  Edmund (D:5)
  A soldier ant (D:10)
  A water moccasin (D:10)
  3 acid dragons
  6 orc warriors
  3 black bears
  A phantom (D:6)
  6 sky beasts
  An ice beast (D:5)
  7 ogres
  4 wolves (D:8)
  4 centaurs
  A big kobold (D:7)
  2 bullfrogs
  2 scorpions
  5 howler monkeys
  3 crimson imps
  3 bullfrog zombies
  2 jellies
  8 orc priests
  3 bullfrog skeletons
  7 hounds
  7 orc wizards
  Crazy Yiuf (D:2)
  A centaur skeleton (D:4)
  4 iguanas
  6 worker ants
  Ijyb (D:3)
  A killer bee zombie (D:9)
  A hound zombie (D:6)
  A hound skeleton (D:8)
  Robin (D:3)
  4 gnolls (D:7)
  9 adders
  4 shadow imps
  4 oozes
  An adder skeleton (D:4)
  3 worms (D:2)
  2 dart slugs
  7 leopard geckos
  38 orcs
  6 bats
  7 giant cockroaches
  15 goblins
  6 hobgoblins
  9 jackals
  5 quokkas
  A ball python (D:2)
  9 frilled lizards
  11 kobolds
  A leopard gecko skeleton (D:6)
  A quokka skeleton (D:5)
  7 rats
278 creatures vanquished.

Vanquished Creatures (collateral kills)
  A crimson imp (D:8)
1 creature vanquished.

Vanquished Creatures (others)
  4 toadstools (D:1)
4 creatures vanquished.

Grand Total: 283 creatures vanquished

Notes
Turn   | Place    | Note
-------+----------+-------------------------------------------
     0 | D:1      | hawla the Draconian Conjurer began the quest for the Orb.
     0 | D:1      | Reached XP level 1. HP: 14/14 MP: 3/3
   412 | D:1      | Reached XP level 2. HP: 20/20 MP: 1/5
   504 | D:1      | Learned a level 2 spell: Searing Ray
   862 | D:1      | Reached skill level 3 in Spellcasting
  1423 | D:2      | Reached XP level 3. HP: 26/26 MP: 3/7
  1704 | D:2      | Found a white marble altar of Elyvilon.
  1840 | D:2      | Found a bloodstained altar of Trog.
  2021 | D:2      | Reached skill level 4 in Spellcasting
  2021 | D:2      | Reached XP level 4. HP: 28/33 MP: 2/10
  2658 | D:2      | Found a runed translucent door.
  2659 | D:2      | Noticed Crazy Yiuf
  2812 | D:3      | Learned a level 4 spell: Iskenderun's Mystic Blast
  2912 | D:3      | Noticed Robin
  2922 | D:3      | Killed Robin
  2922 | D:3      | Reached skill level 1 in Translocations
  3002 | D:3      | Reached XP level 5. HP: 38/38 MP: 6/11
  3058 | D:2      | Killed Crazy Yiuf
  3171 | D:3      | Noticed Ijyb
  3181 | D:3      | Killed Ijyb
  3191 | D:3      | Noticed Grinder
  3374 | D:3      | Paralysed by Grinder for 2 turns
  3388 | D:3      | Paralysed by Grinder for 2 turns
  3392 | D:3      | Killed Grinder
  3392 | D:3      | Reached skill level 5 in Spellcasting
  3392 | D:3      | Reached XP level 6. HP: 28/45 MP: 0/13
  3819 | D:3      | Found a sacrificial altar of Ru.
  4184 | D:4      | Found a stormy altar of Qazlal.
  4561 | D:4      | You fall into a shaft and drop 2 floors!
  4561 | D:6      | Noticed an orc warrior
  4677 | D:6      | Your scales start taking on an icy white colour.
  4677 | D:6      | Reached XP level 7. HP: 32/50 MP: 7/15
  4677 | D:6      | Gained mutation: Your flesh is cold resistant. (rC+) [White
                  | Draconian growth]
  4895 | D:6      | Reached skill level 1 in Staves
  5191 | D:5      | Entered Level 5 of the Dungeon
  5257 | D:5      | Noticed Edmund
  5271 | D:5      | Reached skill level 6 in Spellcasting
  5409 | D:4      | Found a staircase to the Ecumenical Temple.
  5420 | Temple   | Entered the Ecumenical Temple
  5601 | Temple   | Became a worshipper of Vehumet
  6108 | D:5      | Found Poru's Antique Weapon Shop.
  6136 | D:5      | Reached skill level 1 in Fighting
  6142 | D:5      | Reached XP level 8. HP: 20/59 MP: 1/17
  6365 | D:5      | Reached skill level 5 in Conjurations
  6767 | D:5      | Noticed Sigmund
  6786 | D:5      | Killed Sigmund
  7045 | D:5      | Killed Edmund
  7045 | D:5      | Reached skill level 7 in Spellcasting
  7045 | D:5      | Reached skill level 5 in Translocations
  7699 | D:6      | Reached * piety under Vehumet
  7699 | D:6      | Offered knowledge of Foxfire by Vehumet.
  8146 | D:7      | Reached XP level 9. HP: 64/64 MP: 11/20
  9303 | D:8      | Reached ** piety under Vehumet
  9303 | D:8      | Offered knowledge of Freeze by Vehumet.
  9312 | D:8      | Learned a level 1 spell: Freeze
  9545 | D:8      | Reached skill level 8 in Spellcasting
  9545 | D:8      | Reached skill level 1 in Ice Magic
 10029 | D:8      | Noticed Grum
 10037 | D:8      | Killed Grum
 10339 | D:8      | Noticed Harold
 10872 | D:8      | Killed Harold
 10872 | D:8      | Reached XP level 10. HP: 56/73 MP: 2/22
 10896 | D:8      | Reached skill level 9 in Spellcasting
 11320 | D:9      | Offered knowledge of Inner Flame by Vehumet.
 11728 | D:9      | Noticed a two-headed ogre
 11744 | D:9      | Killed a two-headed ogre
 11744 | D:9      | Reached *** piety under Vehumet
 11744 | D:9      | Reached skill level 1 in Evocations
 12694 | D:10     | Entered Level 10 of the Dungeon
 12754 | D:10     | Found a staircase to the Orcish Mines.
 12756 | D:10     | Found Qyalasao's Weapon Shoppe.
 13163 | D:10     | Found a staircase to the Lair.
 13253 | D:10     | Paralysed by a hornet for 1 turns
 13434 | D:10     | Noticed a wizard
 13438 | D:10     | Noticed a five-headed hydra
 13440 | D:10     | Killed a wizard
 13440 | D:10     | Reached skill level 10 in Spellcasting
 13449 | D:10     | Reached XP level 11. HP: 61/80 MP: 16/25
 13451 | D:10     | Killed a five-headed hydra
 13543 | D:10     | Got a wavering brass ring
 14119 | D:11     | Noticed Sonja
 14122 | D:10     | Offered knowledge of Hailstorm by Vehumet.
 15241 | D:10     | Identified the ring of the Omega Point {Fire Str+2 Int-2
                  | SInv} (You found it on level 10 of the Dungeon)
 15806 | D:10     | Learned a level 4 spell: Hailstorm
 16398 | D:11     | Reached **** piety under Vehumet
 16441 | D:11     | Cast into level 2 of the Abyss (Sonja)
 16495 | Abyss:2  | Noticed a sun demon
 16509 | Abyss:2  | Offered knowledge of Airstrike by Vehumet.
 16512 | Abyss:2  | Mangled by a sun demon

Illustrated notes

Levels and vault maps discovered:
D:1:      ldierk_walled_garden_2, layout_basic
D:2:      layout_basic, elyvilon_altar_5, bloody_trog, uniq_crazy_yiuf_cottage
D:3:      layout_rooms, nicolae_ru_great_annihilating_truth, first_ration,
          minmay_misc_feat_tower, uniq_grinder, uniq_ijyb, uniq_robin
D:4:      layout_basic, grunt_qazlal_sundering, minmay_temple_entry_proselytizer
D:5:      layout_rooms, serial_shops, nicolae_shop_statue_plus,
          minmay_misc_feat_tiny, wad_floor_pattern_1, minmay_curled_crystal,
          uniq_sigmund, uniq_edmund
D:6:      layout_rooms, corner_web_ring
D:7:      layout_loops_ring
D:8:      layout_basic, the_bakery, nrook_mini_backslash, patterned_corridor,
          uniq_harold, uniq_grum
D:9:      layout_long_grid
D:10:     minmay_the_grid_octo_tiled_squarecenter
          [minmay_the_grid_octo_thin_diamonds, minmay_the_grid_octo_odd_swirl,
          minmay_the_grid_octo_77, minmay_the_grid_octo_checkerflower,
          minmay_the_grid_square_5x5_megaprize_checkered,
          minmay_the_grid_square_5x5_three_walls,
          minmay_the_grid_square_5x5_longway,
          minmay_the_grid_square_5x5_three_small,
          minmay_the_grid_square_5x5_two_walls_b], layout_layer_cave,
          lair_entry_dummy, orc_david_3, minmay_misc_feat_diagonals
D:11:     layout_cave_pools, enter_trove_1, serial_shops, kennysheep_little_box,
          kennysheep_doodads, uniq_sonja
Temple:   regret_index_temple_mists
Abyss:2:  base: D:15, evilmike_abyss_exit_17

Skill      XL: |  1  2  3  4  5  6  7  8  9 10 11 |
---------------+----------------------------------+-----
Spellcasting   | 3 4 5 6 7 8 10 | 10.9
Translocations | 1 4 5 6 7 |  7.2
Dodging        | 2 3 4 |  4.7
Staves         | 2 4 |  4.0
Stealth        | 2 3 4 |  4.1
Fighting       | 1 2 3 |  3.1
Conjurations   | 6 8 9 |  9.7
Ice Magic      | 2 3 |  3.7
Evocations     | 1 2 |  2.1

Action                   |  1- 3 |  4- 6 |  7- 9 | 10-12 || total
-------------------------+-------+-------+-------+-------++-------
Melee: Unarmed           |    14 |       |       |       ||    14
       Tailslap          |     3 |     1 |     5 |     2 ||    11
       Whip              |       |    16 |       |       ||    16
       Quarterstaff      |       |     6 |    74 |     8 ||    88
 Cast: Magic Dart        |    47 |    77 |    91 |    75 ||   290
       Searing Ray       |    11 |    29 |   100 |    64 ||   204
       Iskenderun's Myst |       |       |    22 |    39 ||    61
       Freeze            |       |       |    10 |    14 ||    24
       Hailstorm         |       |       |       |     1 ||     1
 Abil: Breathe Frost     |       |       |     5 |     2 ||     7
Evoke: Wand              |       |     2 |     2 |    15 ||    19
  Use: Scroll            |     2 |     7 |     6 |     9 ||    24
       Potion            |       |     4 |     2 |     9 ||    15
 Stab: Confused          |       |       |     1 |       ||     1
  Eat: Chunk             |     4 |     8 |    22 |    12 ||    46
       Ration            |       |       |       |     2 ||     2
Armor: Skin              |     4 |    28 |    65 |    45 ||   142
Dodge: Dodged            |    14 |    50 |   137 |    88 ||   289
Block: Other             |       |       |    11 |    24 ||    35
       Reflection        |       |       |     1 |     5 ||     6
